 Dungeon Crawl Stone Soup version 0.31-a0-1591-g515db51633 (webtiles) character file.

Game seed: 10523901165341055872

344 bmb222 the Trooper (level 6, 0/48 HPs)
             Began as a Demonspawn Fighter on Jan 6, 2024.
             Slain by an ogre
             ... wielding a +0 giant club
              (15 damage)
             ... on level 4 of the Dungeon.
             The game lasted 00:01:58 (2716 turns).

bmb222 the Trooper (Demonspawn Fighter)             Turns: 2716, Time: 00:01:59

Health: 0/48       AC:  9    Str: 18    XL:     6   Next: 31%
Magic:  2/2        EV:  9    Int: 12    God:
Gold:   194        SH: 10    Dex: 12    Spells: 5/5 levels left

rFire   . . .        p - +5 trident of the Muttering Seeker {antimagic, rPois Int+3}
rCold   . . .        c - +0 buckler
rNeg    . . .        b - +0 scale mail
rPois   +            (no helmet)
rElec   .            (no cloak)
rCorr   .            (no gloves)
SInv    .            k - +1 pair of boots
Will    +....        n - amulet of reflection Stlth
                     s - ring of poison resistance
HPRegen 0.28/turn    r - ring of willpower
MPRegen 0.08/turn

%: reflection
@: no status effects
A: claws 1, weakness stinger 2
a: no special abilities


You were on level 4 of the Dungeon.
You visited 1 branch of the dungeon, and saw 4 of its levels.

You collected 194 gold pieces.

Inventory:

Hand Weapons
 a - a +0 war axe
 p - the +5 trident of the Muttering Seeker (weapon) {antimagic, rPois Int+3}
   (You found it on level 2 of the Dungeon)

   Int+3:     It affects your intelligence (+3).
   rPois:     It protects you from poison
Armour
 b - a +0 scale mail (worn)
 c - a +0 buckler (worn)
 k - a +1 pair of boots (worn)
Jewellery
 j - a +6 ring of intelligence
 n - an amulet of reflection (around neck)
 o - a ring of ice
 r - a ring of willpower (right claw)
 s - a ring of poison resistance (left claw)
Scrolls
 e - 2 scrolls of fear {unknown}
 f - 2 scrolls of teleportation {unknown}
 h - 2 scrolls of torment {unknown}
 m - 3 scrolls of identify {unknown}
 q - a scroll of brand weapon {unknown}
 u - a scroll of noise {unknown}
Potions
 d - a potion of might
 g - 2 potions of magic {unknown}
 i - 3 potions of attraction {unknown}
 l - 2 potions of haste {unknown}
 t - a potion of mutation {unknown}


   Skills:
 + Level 4.2 Fighting
 - Level 2.2(3.0) Axes
 * Level 2.9(3.3) Polearms
 + Level 3.8 Armour
 + Level 3.8 Shields


You had 5 spell levels left.
You didn't know any spells.
Your spell library contained the following spells:

 Spells                   Type           Power      Damage    Failure   Level
 Call Imp                 Summ           0%         N/A       89%         2
 Sublimation of Blood     Necr           0%         N/A       89%         2
 Summon Hydra             Summ           0%         N/A       100%        7


Dungeon Overview and Level Annotations

Branches:
Dungeon (4/15)
 Temple: D:4-7

Altars:
Makhleb
Uskayaw


Innate Abilities, Weirdness & Mutations

You have sharp fingernails.
You have a tail ending in a sharp stinger.


Message History

You barely miss the ogre. The ogre closely misses you.
There are monsters nearby!
You puncture the ogre!
The ogre is moderately wounded.
The ogre barely misses you.
There are monsters nearby!
You hit the ogre.
The ogre is moderately wounded.
You block the ogre's attack.
There are monsters nearby!
You hit the ogre.
The ogre is moderately wounded.
There are monsters nearby!
You barely miss the ogre.
The ogre is moderately wounded.
The ogre barely misses you.
There are monsters nearby!
You barely miss the ogre.
The ogre is moderately wounded.
The ogre hits you with a +0 giant club!
There are monsters nearby!
You hit the ogre.
The ogre is heavily wounded.
The ogre hits you with a +0 giant club!!
* * * LOW HITPOINT WARNING * * *
There are monsters nearby!
You are too injured to fight recklessly!
There are monsters nearby!
You are too injured to fight recklessly!
There are monsters nearby!
You are too injured to fight recklessly!
You hit the ogre.
The ogre is severely wounded.
You hit the ogre.
The ogre is almost dead.
You block the ogre's attack.
You barely miss the ogre.
The ogre is almost dead.
The ogre hits you with a +0 giant club!
You die...

### #######.#
........# #######.#
#.# # # # #.# #. .#
#.###.# #.###.##
#.....## #..@OW.# #
#.##...#######.#..#
# #.##...##......#
.#
#.#.........####.#
..
....##......####.#
.#
#.............##.#
..
###.#.........##.#
#
†...#.........##.#
#####............#


You could see an ogre and a phantom.

Vanquished Creatures
  Menkaure (D:4)
  A phantom (D:2)
  A jelly (D:4)
  4 adders
  2 dart slugs
  2 ribbon worms (D:2)
  An orc (D:4)
  11 endoplasms
  6 giant cockroaches
  8 hobgoblins
  6 quokkas
  11 ball pythons
  2 bats
  5 frilled lizards
  4 goblins
  A kobold (D:3)
  6 rats
72 creatures vanquished.

Notes
Turn   | Place    | Note
-------+----------+-------------------------------------------
     0 | D:1      | bmb222 the Demonspawn Fighter began the quest for the Orb.
     0 | D:1      | Reached XP level 1. HP: 18/18 MP: 1/1
   235 | D:1      | Found a faded altar of an unknown god.
   241 | D:1      | Discovered your monstrous ancestry.
   241 | D:1      | Gained mutation: You have a small tail. [demonic ancestry]
   241 | D:1      | Reached XP level 2. HP: 17/24 MP: 2/2
  1000 | D:2      | Found a burning altar of Makhleb.
  1097 | D:2      | Identified the +5 trident of the Muttering Seeker
                  | {antimagic, rPois Int+3}
  1136 | D:2      | Gained mutation: You have sharp fingernails. [demonic
                  | ancestry]
  1136 | D:2      | Reached XP level 3. HP: 29/29 MP: 1/3
  1510 | D:2      | Noticed a phantom
  1528 | D:2      | Killed a phantom
  1529 | D:2      | Reached skill level 1 in Polearms
  1529 | D:2      | Reached XP level 4. HP: 37/37 MP: 1/4
  1588 | D:3      | Reached XP level 5. HP: 41/42 MP: 1/5
  2496 | D:4      | Noticed Menkaure
  2502 | D:4      | Reached skill level 4 in Fighting
  2503 | D:4      | Killed Menkaure
  2504 | D:4      | Gained mutation: You have a tail ending in a sharp stinger.
                  | [demonic ancestry]
  2504 | D:4      | Reached XP level 6. HP: 46/48 MP: 2/6
  2597 | D:4      | Noticed a +0 falchion
  2600 | D:4      | Noticed a +0 falchion
  2607 | D:4      | Found a hide-covered altar of Uskayaw.
  2607 | D:4      | Noticed a +0 spear
  2608 | D:4      | Noticed a +0 dagger
  2609 | D:4      | Noticed a +0 short sword
  2609 | D:4      | Noticed a +0 dagger
  2609 | D:4      | Noticed a +0 short sword
  2609 | D:4      | Noticed a +0 spear
  2716 | D:4      | Slain by an ogre

Illustrated notes

Levels and vault maps discovered:
D:1:      scummos_arrival_forest, layout_basic,
          ebering_ecumenical_altar_petrified
D:2:      layout_basic, basic_altar, minmay_divided_ellipse
D:3:      layout_basic
D:4:      layout_basic, nicolae_uskayaw_en_pointe,
          minmay_temple_entry_statues_pillars, interstate_on_off, uniq_menkaure

Skill      XL: |  1  2  3  4  5 |
---------------+----------------+-----
Axes           | 2 |  2.2
Armour         | 3 |  3.8
Shields        | 3 |  3.8
Polearms       | 1 2 |  2.9
Fighting       | 4 |  4.2

Action                     |  1- 3 |  4- 6 || total
---------------------------+-------+-------++-------
  Melee: War axe           |    45 |       ||    45
         Trident           |    59 |    67 ||   126
         Tailslap          |     8 |     2 ||    10
 Armour: Scale mail        |    47 |    14 ||    61
  Dodge: Dodged            |    33 |     8 ||    41
  Block: Buckler           |    20 |    18 ||    38
         Reflection        |     1 |       ||     1

Table legend: (Time is in decaauts)
 A = Elapsed time spent in this place.
 B = Non-inter-level travel time spent in this place.
 C = Inter-level travel time spent in this place.
 D = Time resting spent in this place.
 E = Time spent auto-exploring this place.
 F = Levels seen in this place.
 G = Mean time per level.
                   A        B        C        D        E       F      G
               +--------+--------+--------+--------+--------+-----+--------+
         Total |   2762 |   2621 |    141 |      0 |   2195 |   4 |  690.5 |
       Dungeon |   2762 |   2621 |    141 |      0 |   2195 |   4 |  690.5 |
               +--------+--------+--------+--------+--------+-----+--------+

Top non-repeatable levels by time:
     D:3: 935 daAuts
     D:1: 838 daAuts
     D:2: 757 daAuts
     D:4: 230 daAuts
